Florida Panthers vs Dallas Stars

Created - mardi, 12 mars 2024 at 19:00

Goals
1 2 3 T
Florida Panthers 0 0 0 0
Dallas Stars 1 0 1 2
Shots
1 2 3 T
Florida Panthers 16 20 16 52
Dallas Stars 7 11 12 30

1st period

1. Dallas Stars , Moritz Seider 7 (Kyle Connor 47, Miro Heiskanen 75) at 13:02

Penalties :
No Penalty

2nd period

No Goal

Penalties :
Marc Staal (FLO) for Hooking (Minor) at 9:43, Marc Staal (FLO) for Tripping (Minor) at 15:15

3rd period

2. Dallas Stars , Trevor Zegras 17 (Jason Robertson 41, Matthew Tkachuk 44) at 12:42 (PP)

Penalties :
Jason Robertson (DAL) for Roughing (Minor) at 2:42, Moritz Seider (DAL) for Slashing (Minor) at 8:19, Michael Bunting (FLO) for Unsportsmanlike conduct (Minor) at 11:10, Matthew Tkachuk (DAL) for Roughing (Minor) at 16:31

Goalie Stats

Darcy Kuemper (FLO), 28 saves from 30 shots - (0.933), L, 24-18-5, 60:00 minutes
Ukko-Pekka Luukkonen (DAL), 52 saves from 52 shots - (1.000), W, 33-17-5, 60:00 minutes

Players Stats for Florida Panthers

Player Name              G  A  P  +/- PIM S  H  SB GA TA FO     MP     PP MP  PK MP  
------------------------------------------------------------------------------------
Aleksander Barkov        0  0  0  -1  0   2  0  0  0  0  19/25  16:11   3:14   0:00 
Alex Ovechkin            0  0  0  -1  0   4  2  0  0  0  0/6    19:02   3:14   2:58 
Anton Lundell            0  0  0   0  0   2  0  0  0  0  8/19   15:00   0:00   2:32 
Brandon Hagel            0  0  0   0  0   7  0  0  0  0  0/0    19:59   2:43   2:58 
Brandon Montour          0  0  0   0  0   4  0  0  0  0  0/0    20:36   3:33   0:19 
Eric Staal               0  0  0   0  0   5  1  0  0  0  7/12    9:33   0:00   0:00 
Jacob Trouba             0  0  0  -1  0   1  2  0  0  0  0/0    20:56   2:26   2:42 
Jamie Oleksiak           0  0  0  -1  0   0  0  1  0  0  0/0    18:31   0:01   2:42 
Jonathan Huberdeau       0  0  0   0  0   2  0  1  0  0  1/3    16:25   2:43   0:00 
MacKenzie Weegar         0  0  0   0  0   0  2  1  0  0  0/0    20:03   0:34   2:45 
Marc Staal               0  0  0   0  4   1  1  1  0  0  0/0    15:59   0:00   0:00 
Michael Bunting          0  0  0   0  2   2  4  0  0  0  0/3    14:50   2:23   0:00 
Nicholas Paul            0  0  0   0  0   2  1  0  0  0  4/8    12:05   0:00   2:32 
Owen Tippett             0  0  0   0  0   5  0  0  0  0  2/3    15:25   2:57   0:00 
Ryan Lindgren            0  0  0   0  0   3  0  1  0  0  0/0    18:33   0:00   2:32 
Sam Bennett              0  0  0   0  0   2  2  1  0  0  14/23  16:25   2:43   0:00 
Tanner Jeannot           0  0  0   0  0   0  0  0  0  0  0/0     0:00   0:00   0:00 
Zach Hyman               0  0  0  -1  0   10 1  0  0  0  1/3    24:54   3:14   0:00 

Players Stats for Dallas Stars

Player Name              G  A  P  +/- PIM S  H  SB GA TA FO     MP     PP MP  PK MP  
------------------------------------------------------------------------------------
Colton Parayko           0  0  0   0  0   0  0  8  0  0  0/0    17:54   0:00   3:01 
Evgenii Dadonov          0  0  0   0  0   0  0  0  0  0  0/2    18:00   0:00   0:00 
J.J. Moser               0  0  0   0  0   1  1  1  0  0  0/0    16:05   3:17   2:34 
Jason Robertson          0  1  1   0  2   5  0  0  0  0  0/1    18:49   2:18   0:56 
John Klingberg           0  0  0   0  0   2  3  2  0  0  0/0    20:28   2:13   0:00 
Josh Anderson            0  0  0   1  0   1  2  0  0  0  1/5    20:44   3:12   3:45 
Juuso Parssinen          0  0  0   0  0   1  0  0  0  0  3/7     7:41   0:00   0:00 
Kyle Connor              0  1  1   1  0   6  0  0  0  0  1/2    16:59   3:12   0:00 
Matthew Tkachuk          0  1  1   0  2   3  3  0  0  0  0/2    20:19   2:18   1:16 
Mattias Janmark          0  0  0   0  0   1  1  0  0  0  2/8    14:09   0:00   2:40 
Max Domi                 0  0  0   1  0   1  0  1  0  0  12/21  17:14   3:12   0:15 
Michael Rasmussen        0  0  0   0  0   0  0  0  0  0  8/17   13:14   0:00   1:45 
Miro Heiskanen           0  1  1   1  0   1  1  4  0  0  0/0    22:05   3:17   3:23 
Moritz Seider            1  0  1   1  2   1  5  3  0  0  0/0    17:20   0:00   1:56 
Nathan Bastian           0  0  0   0  0   0  0  0  0  0  0/2     7:41   0:00   0:00 
Noah Dobson              0  0  0   0  0   2  0  2  0  0  0/0    18:06   2:13   1:00 
Ryan Suter               0  0  0   0  0   0  1  0  0  0  0/0     8:01   0:00   0:00 
Trevor Zegras            1  0  1   0  0   5  5  0  0  0  22/38  19:11   2:18   1:17 

3 Stars

1 - Ukko-Pekka Luukkonen (DAL)
2 - Moritz Seider (DAL)
3 - Trevor Zegras (DAL)

Power Play

Florida Panthers - 0 on 3 Attempt(s) - 0.00%
Dallas Stars - 1 on 3 Attempt(s) - 33.33%

Penalty Kill

Florida Panthers - 2 on 3 Attempt(s) - 66.67% - Score 0 goal in Penalty Kill
Dallas Stars - 3 on 3 Attempt(s) - 100.00% - Score 0 goal in Penalty Kill

Team Stat

Florida Panthers - Hits : 16 - Faceoff Wins : 56 - Blocked Shots : 6 - Penalty Minutes : 6
Dallas Stars - Hits : 22 - Faceoff Wins : 49 - Blocked Shots : 21 - Penalty Minutes : 6

Official

Referees : Garrett Rank and Chris Schlenker
Linesman : Scott Cherrey and Steve Barton

Game Notes

No Game Note

Finance

Level 1 -- Attendance: 9059 (83.11%) -- Ticket Income $ 770 015
Level 2 -- Attendance: 2129 (94.62%) -- Ticket Income $ 149 030
Level 3 -- Attendance: 3719 (97.87%) -- Ticket Income $ 148 760
Level 4 -- Attendance: 1340 (89.33%) -- Ticket Income $ 33 500
Luxury Box -- Attendance: 44 (88.00%) -- Ticket Income $ 9 460
Game was played at the American Airlines Center.
Total Attendance: 16291 (88.06%)
Total Ticket Income: $ 1 110 765
Total Income: $ 1 110 765

Florida Panthers

5 vs 5 Forward 
   Center                   Left Wing                Right Wing               Time % Phy DF OF 
 1 Aleksander Barkov        Alex Ovechkin            Zach Hyman               30     0   1  4  
 2 Sam Bennett              Jonathan Huberdeau       Brandon Hagel            27     0   2  3  
 3 Anton Lundell            Michael Bunting          Owen Tippett             25     1   2  2  
 4 Eric Staal               Nicholas Paul            Zach Hyman               18     1   3  1  

5 vs 5 Defense 
   Defense                  Defense                                           Time % Phy DF OF 
 1 MacKenzie Weegar         Brandon Montour                                   36     1   2  2  
 2 Jamie Oleksiak           Jacob Trouba                                      35     1   2  2  
 3 Ryan Lindgren            Marc Staal                                        29     1   3  1  
 4 MacKenzie Weegar         Brandon Montour                                   0      1   2  2  

PowerPlay Forward 
   Center                   Left Wing                Right Wing               Time % Phy DF OF 
 1 Aleksander Barkov        Alex Ovechkin            Zach Hyman               60     0   1  4  
 2 Sam Bennett              Jonathan Huberdeau       Brandon Hagel            40     0   1  4  

PowerPlay Defense
   Defense                  Defense                                           Time % Phy DF OF 
 1 Owen Tippett             Brandon Montour                                   60     1   1  3  
 2 Michael Bunting          Jacob Trouba                                      40     1   2  2  

Penalty Kill 4 Players Forward 
   Center                   Wing                     Time % Phy DF OF 
 1 Nicholas Paul            Anton Lundell            52     1   3  1  
 2 Alex Ovechkin            Brandon Hagel            48     1   3  1  

Penalty Kill 4 Players Defense
   Defense                  Defense                  Time % Phy DF OF 
 1 Ryan Lindgren            MacKenzie Weegar         52     2   3  0  
 2 Jamie Oleksiak           Jacob Trouba             48     2   3  0  

Penalty Kill - 3 Players Forward 
   Forward                                           Time % Phy DF OF 
 1 Aleksander Barkov                                 52     1   4  0  
 2 Nicholas Paul                                     48     1   3  1  

Penalty Kill - 3 Players Defense
   Defense                  Defense                  Time % Phy DF OF 
 1 Ryan Lindgren            MacKenzie Weegar         52     2   3  0  
 2 Jamie Oleksiak           Jacob Trouba             48     2   3  0  

4 vs 4 Forward 
   Center                   Wing                     Time % Phy DF OF 
 1 Aleksander Barkov        Alex Ovechkin            50     1   2  2  
 2 Sam Bennett              Zach Hyman               50     1   2  2  

4 vs 4 Defense
   Defense                  Defense                  Time % Phy DF OF 
 1 MacKenzie Weegar         Brandon Montour          60     1   2  2  
 2 Ryan Lindgren            Jacob Trouba             40     1   3  1  

Last Minutes Offensive
   Center                   Left Wing                Right Wing               Defense                  Defense                  
   Aleksander Barkov        Alex Ovechkin            Zach Hyman               Brandon Hagel            Brandon Montour          

Last Minutes Defensive
   Center                   Left Wing                Right Wing               Defense                  Defense                  
   Aleksander Barkov        Anton Lundell            Brandon Hagel            Ryan Lindgren            MacKenzie Weegar         

Goaltenders
Starting : Darcy Kuemper            
Backup : Craig Anderson           

Extra Forwards
Normal : Aleksander Barkov, Alex Ovechkin, Zach Hyman - PP : Jonathan Huberdeau, Alex Ovechkin - PK : Aleksander Barkov
Extra Defensemen
Normal : Brandon Montour, MacKenzie Weegar, Jacob Trouba - PP : Brandon Montour - PK : MacKenzie Weegar, Ryan Lindgren
Penalty Shots
Michael Bunting, Alex Ovechkin, Aleksander Barkov, Zach Hyman, Jonathan Huberdeau
Custom OT Lines Forwards
Aleksander Barkov, Alex Ovechkin, Zach Hyman, Brandon Hagel, Jonathan Huberdeau, Sam Bennett, Owen Tippett, Michael Bunting, Anton Lundell, Nicholas Paul
Custom OT Lines Defensemen
Brandon Montour, MacKenzie Weegar, Jacob Trouba, Ryan Lindgren, Marc Staal

Scratches
Jalen Chatfield (Healthy), Lucas Carlsson (Healthy)

Dallas Stars

5 vs 5 Forward 
   Center                   Left Wing                Right Wing               Time % Phy DF OF 
 1 Trevor Zegras            Matthew Tkachuk          Jason Robertson          30     1   1  3  
 2 Max Domi                 Kyle Connor              Josh Anderson            30     1   1  3  
 3 Michael Rasmussen        Mattias Janmark          Evgenii Dadonov          25     1   3  1  
 4 Juuso Parssinen          Nathan Bastian           Evgenii Dadonov          15     1   4  0  

5 vs 5 Defense 
   Defense                  Defense                                           Time % Phy DF OF 
 1 Miro Heiskanen           Moritz Seider                                     31     0   4  1  
 2 Colton Parayko           Noah Dobson                                       31     1   3  1  
 3 John Klingberg           J.J. Moser                                        23     2   2  1  
 4 John Klingberg           Ryan Suter                                        15     0   4  1  

PowerPlay Forward 
   Center                   Left Wing                Right Wing               Time % Phy DF OF 
 1 Trevor Zegras            Matthew Tkachuk          Jason Robertson          50     0   0  5  
 2 Max Domi                 Kyle Connor              Josh Anderson            50     0   0  5  

PowerPlay Defense
   Defense                  Defense                                           Time % Phy DF OF 
 1 Miro Heiskanen           J.J. Moser                                        45     0   1  4  
 2 John Klingberg           Noah Dobson                                       55     0   1  4  

Penalty Kill 4 Players Forward 
   Center                   Wing                     Time % Phy DF OF 
 1 Mattias Janmark          Josh Anderson            60     0   5  0  
 2 Michael Rasmussen        Matthew Tkachuk          40     0   5  0  

Penalty Kill 4 Players Defense
   Defense                  Defense                  Time % Phy DF OF 
 1 Colton Parayko           J.J. Moser               60     0   5  0  
 2 Miro Heiskanen           Moritz Seider            40     0   5  0  

Penalty Kill - 3 Players Forward 
   Forward                                           Time % Phy DF OF 
 1 Mattias Janmark                                   50     0   5  0  
 2 Michael Rasmussen                                 50     0   5  0  

Penalty Kill - 3 Players Defense
   Defense                  Defense                  Time % Phy DF OF 
 1 Colton Parayko           J.J. Moser               60     0   5  0  
 2 Miro Heiskanen           Moritz Seider            40     0   5  0  

4 vs 4 Forward 
   Center                   Wing                     Time % Phy DF OF 
 1 Michael Rasmussen        Kyle Connor              50     0   3  2  
 2 Trevor Zegras            Jason Robertson          50     0   3  2  

4 vs 4 Defense
   Defense                  Defense                  Time % Phy DF OF 
 1 Ryan Suter               Noah Dobson              50     0   4  1  
 2 John Klingberg           J.J. Moser               50     0   4  1  

Last Minutes Offensive
   Center                   Left Wing                Right Wing               Defense                  Defense                  
   Trevor Zegras            Matthew Tkachuk          Jason Robertson          Miro Heiskanen           Noah Dobson              

Last Minutes Defensive
   Center                   Left Wing                Right Wing               Defense                  Defense                  
   Mattias Janmark          Matthew Tkachuk          Jason Robertson          Miro Heiskanen           Colton Parayko           

Goaltenders
Starting : Ukko-Pekka Luukkonen     
Backup : Kevin Lankinen           

Extra Forwards
Normal : Kyle Connor, Jason Robertson, Matthew Tkachuk - PP : Matthew Tkachuk, Jason Robertson - PK : Mattias Janmark
Extra Defensemen
Normal : Colton Parayko, Miro Heiskanen, Moritz Seider - PP : J.J. Moser - PK : Colton Parayko, Miro Heiskanen
Penalty Shots
Matthew Tkachuk, Trevor Zegras, Jason Robertson, Kyle Connor, Josh Anderson
Custom OT Lines Forwards
Matthew Tkachuk, Jason Robertson, Kyle Connor, Trevor Zegras, Max Domi, Josh Anderson, Michael Rasmussen, Mattias Janmark, Juuso Parssinen, Evgenii Dadonov
Custom OT Lines Defensemen
Miro Heiskanen, Moritz Seider, Colton Parayko, Ryan Suter, John Klingberg

Scratches
Felix Sandstrom (Broken Bone (Right Ankle) Injury)

% Time on Ice - Florida Panthers

Lines # - Real PCT - Wanted PCT - Time Play
Normal Forward
1 - 26% - 30% - 12:50
2 - 28% - 27% - 13:42
3 - 26% - 25% - 12:28
4 - 20% - 18% - 9:33
Normal Defense
1 - 34% - 36% - 16:44
2 - 33% - 35% - 15:48
3 - 33% - 29% - 16:01
4 - 0% - 0% - 0:00
PP Forward
1 - 54% - 60% - 3:14
2 - 46% - 40% - 2:43
PP Defense
1 - 59% - 60% - 3:31
2 - 41% - 40% - 2:26
PK Forward
1 - 46% - 52% - 2:32
2 - 54% - 48% - 2:58
PK Defense
1 - 51% - 52% - 2:48
2 - 49% - 48% - 2:42
PK3 Forward
1 - 0% - 52%
2 - 0% - 48%
PK3 Defense
1 - 0% - 52%
2 - 0% - 48%
44 Forward
1 - 0% - 50%
2 - 0% - 50%
44 Defense
1 - 0% - 60%
2 - 0% - 40%
Last Minute Offensive  - 0:00
Last Minute Defensive  - 0:00
Total
Forward - 60:00
Defense - 60:00

% Time on Ice - Dallas Stars

Lines # - Real PCT - Wanted PCT - Time Play
Normal Forward
1 - 32% - 30% - 15:36
2 - 28% - 30% - 13:47
3 - 24% - 25% - 11:29
4 - 16% - 15% - 7:41
Normal Defense
1 - 32% - 31% - 15:25
2 - 31% - 31% - 14:53
3 - 21% - 23% - 10:14
4 - 17% - 15% - 8:01
PP Forward
1 - 42% - 50% - 2:18
2 - 58% - 50% - 3:12
PP Defense
1 - 60% - 45% - 3:17
2 - 40% - 55% - 2:13
PK Forward
1 - 71% - 60% - 4:12
2 - 29% - 40% - 1:45
PK Defense
1 - 43% - 60% - 2:34
2 - 57% - 40% - 3:23
PK3 Forward
1 - 0% - 50%
2 - 0% - 50%
PK3 Defense
1 - 0% - 60%
2 - 0% - 40%
44 Forward
1 - 0% - 50%
2 - 0% - 50%
44 Defense
1 - 0% - 50%
2 - 0% - 50%
Last Minute Offensive  - 0:00
Last Minute Defensive  - 0:00
Total
Forward - 60:00
Defense - 60:00

Play-by-Play

1st period


0:01 of 1st period - Trevor Zegras wins face-off versus Aleksander Barkov in neutral zone.
0:04 of 1st period - Alex Ovechkin is hit by Trevor Zegras and loses puck.
0:13 of 1st period - Shot by Jason Robertson.
0:13 of 1st period - Stopped by Darcy Kuemper without a rebound.
0:14 of 1st period - Sam Bennett wins face-off versus Max Domi in Florida Panthers zone.
0:26 of 1st period - Icing by Noah Dobson.
0:27 of 1st period - Max Domi wins face-off versus Anton Lundell in Dallas Stars zone.
0:27 of 1st period - Max Domi is hit by Michael Bunting.
1:10 of 1st period - Icing by Ryan Lindgren.
1:11 of 1st period - Michael Rasmussen wins face-off versus Michael Bunting in Florida Panthers zone.
1:17 of 1st period - Off-side.
1:18 of 1st period - Eric Staal wins face-off versus Jason Robertson in neutral zone.
1:31 of 1st period - Shot by Zach Hyman.
1:31 of 1st period - Shot Misses the Net.
1:34 of 1st period - Eric Staal is hit by John Klingberg.
1:36 of 1st period - Shot by Zach Hyman.
1:36 of 1st period - Stopped by Ukko-Pekka Luukkonen without a rebound.
1:37 of 1st period - Juuso Parssinen wins face-off versus Sam Bennett in Dallas Stars zone.
1:37 of 1st period - Juuso Parssinen is hit by Sam Bennett.
2:41 of 1st period - Icing by J.J. Moser.
2:42 of 1st period - Trevor Zegras wins face-off versus Anton Lundell in Dallas Stars zone.
2:59 of 1st period - Shot by Jason Robertson.
2:59 of 1st period - Stopped by Darcy Kuemper with a rebound.
4:15 of 1st period - Shot by Aleksander Barkov.
4:15 of 1st period - Stopped by Ukko-Pekka Luukkonen with a rebound.
4:25 of 1st period - Shot by Brandon Montour.
4:25 of 1st period - Stopped by Ukko-Pekka Luukkonen without a rebound.
4:26 of 1st period - Trevor Zegras wins face-off versus Sam Bennett in Dallas Stars zone.
4:30 of 1st period - Off-side.
4:31 of 1st period - Sam Bennett wins face-off versus Trevor Zegras in neutral zone.
4:50 of 1st period - Shot by Brandon Hagel.
4:50 of 1st period - Stopped by Ukko-Pekka Luukkonen with a rebound.
4:52 of 1st period - Shot by Sam Bennett.
4:52 of 1st period - Shot Misses the Net.
4:58 of 1st period - Shot by Jonathan Huberdeau.
4:58 of 1st period - Stopped by Ukko-Pekka Luukkonen without a rebound.
4:59 of 1st period - Zach Hyman wins face-off versus Max Domi in Dallas Stars zone.
5:08 of 1st period - Shot by Zach Hyman.
5:08 of 1st period - Shot Misses the Net.
5:56 of 1st period - Shot by Jonathan Huberdeau.
5:56 of 1st period - Deflect By Sam Bennett.
5:56 of 1st period - Shot Misses the Net.
6:04 of 1st period - Shot by Brandon Hagel.
6:04 of 1st period - Stopped by Ukko-Pekka Luukkonen without a rebound.
6:05 of 1st period - Owen Tippett wins face-off versus Matthew Tkachuk in Dallas Stars zone.
6:12 of 1st period - Shot by Owen Tippett.
6:12 of 1st period - Shot Blocked by John Klingberg.
6:14 of 1st period - Shot by Ryan Lindgren.
6:14 of 1st period - Stopped by Ukko-Pekka Luukkonen with a rebound.
6:32 of 1st period - Shot by Anton Lundell.
6:32 of 1st period - Stopped by Ukko-Pekka Luukkonen without a rebound.
6:33 of 1st period - Michael Rasmussen wins face-off versus Alex Ovechkin in Dallas Stars zone.
7:30 of 1st period - Shot by Brandon Hagel.
7:30 of 1st period - Shot Blocked by Moritz Seider.
7:40 of 1st period - Jacob Trouba is hit by Miro Heiskanen and loses puck.
8:08 of 1st period - Shot by Trevor Zegras.
8:08 of 1st period - Shot Misses the Net.
8:40 of 1st period - Icing by Noah Dobson.
8:41 of 1st period - Eric Staal wins face-off versus Juuso Parssinen in Dallas Stars zone.
8:55 of 1st period - Shot by Zach Hyman.
8:55 of 1st period - Shot Blocked by Noah Dobson.
8:57 of 1st period - Shot by Ryan Lindgren.
8:57 of 1st period - Shot Blocked by Colton Parayko.
8:59 of 1st period - Shot by Eric Staal.
8:59 of 1st period - Shot Blocked by Colton Parayko.
9:01 of 1st period - Shot by Ryan Lindgren.
9:01 of 1st period - Deflect By Zach Hyman.
9:01 of 1st period - Stopped by Ukko-Pekka Luukkonen without a rebound.
9:02 of 1st period - Kyle Connor wins face-off versus Anton Lundell in Dallas Stars zone.
9:23 of 1st period - Shot by Anton Lundell.
9:23 of 1st period - Shot Blocked by Miro Heiskanen.
9:25 of 1st period - Shot by MacKenzie Weegar.
9:25 of 1st period - Shot Misses the Net.
9:51 of 1st period - Icing by Marc Staal.
9:52 of 1st period - Aleksander Barkov wins face-off versus Trevor Zegras in Florida Panthers zone.
9:56 of 1st period - Alex Ovechkin is hit by Matthew Tkachuk and loses puck.
10:11 of 1st period - Shot by Alex Ovechkin.
10:11 of 1st period - Stopped by Ukko-Pekka Luukkonen without a rebound.
10:12 of 1st period - Eric Staal wins face-off versus Michael Rasmussen in Dallas Stars zone.
10:13 of 1st period - Shot by Zach Hyman.
10:13 of 1st period - Stopped by Ukko-Pekka Luukkonen without a rebound.
10:14 of 1st period - Michael Rasmussen wins face-off versus Eric Staal in Dallas Stars zone.
10:14 of 1st period - Mattias Janmark is hit by Nicholas Paul and loses puck.
11:12 of 1st period - Off-side.
11:13 of 1st period - Max Domi wins face-off versus Sam Bennett in neutral zone.
11:26 of 1st period - Shot by Kyle Connor.
11:26 of 1st period - Stopped by Darcy Kuemper without a rebound.
11:27 of 1st period - Trevor Zegras wins face-off versus Anton Lundell in Florida Panthers zone.
11:28 of 1st period - Shot by J.J. Moser.
11:28 of 1st period - Shot Misses the Net.
11:45 of 1st period - Icing by Michael Bunting.
11:46 of 1st period - Juuso Parssinen wins face-off versus Anton Lundell in Florida Panthers zone.
12:19 of 1st period - Icing by Marc Staal.
12:20 of 1st period - Trevor Zegras wins face-off versus Anton Lundell in Florida Panthers zone.
12:36 of 1st period - Icing by Jacob Trouba.
12:37 of 1st period - Max Domi wins face-off versus Aleksander Barkov in Florida Panthers zone.
12:56 of 1st period - Shot by Kyle Connor.
12:56 of 1st period - Shot Misses the Net.
13:00 of 1st period - Shot by Kyle Connor.
13:00 of 1st period - Stopped by Darcy Kuemper with a rebound.
13:02 of 1st period - Shot by Moritz Seider.
13:02 of 1st period - Goal by Moritz Seider - Florida Panthers : 0 - Dallas Stars : 1.
13:03 of 1st period - Trevor Zegras wins face-off versus Sam Bennett in neutral zone.
13:38 of 1st period - Shot by Jason Robertson.
13:38 of 1st period - Deflect By Matthew Tkachuk.
13:38 of 1st period - Shot Blocked by Sam Bennett.
14:08 of 1st period - Jamie Oleksiak is hit by Mattias Janmark and loses puck.
14:25 of 1st period - Shot by Mattias Janmark.
14:25 of 1st period - Shot Misses the Net.
14:27 of 1st period - Shot by Michael Rasmussen.
14:27 of 1st period - Shot Misses the Net.
15:12 of 1st period - Shot by Owen Tippett.
15:12 of 1st period - Stopped by Ukko-Pekka Luukkonen with a rebound.
15:14 of 1st period - Shot by Anton Lundell.
15:14 of 1st period - Shot Misses the Net.
15:37 of 1st period - Icing by Miro Heiskanen.
15:38 of 1st period - Jonathan Huberdeau wins face-off versus Max Domi in Dallas Stars zone.
15:38 of 1st period - Brandon Montour is hit by Moritz Seider and loses puck.
16:01 of 1st period - Shot by Sam Bennett.
16:01 of 1st period - Stopped by Ukko-Pekka Luukkonen without a rebound.
16:02 of 1st period - Trevor Zegras wins face-off versus Aleksander Barkov in Dallas Stars zone.
16:14 of 1st period - Shot by Matthew Tkachuk.
16:14 of 1st period - Stopped by Darcy Kuemper without a rebound.
16:15 of 1st period - Michael Rasmussen wins face-off versus Owen Tippett in Florida Panthers zone.
16:28 of 1st period - Shot by Michael Bunting.
16:28 of 1st period - Stopped by Ukko-Pekka Luukkonen without a rebound.
16:29 of 1st period - Aleksander Barkov wins face-off versus Trevor Zegras in Dallas Stars zone.
16:30 of 1st period - Shot by Alex Ovechkin.
16:30 of 1st period - Shot Misses the Net.
16:32 of 1st period - Shot by Ryan Lindgren.
16:32 of 1st period - Stopped by Ukko-Pekka Luukkonen without a rebound.
16:33 of 1st period - Trevor Zegras wins face-off versus Sam Bennett in Dallas Stars zone.
16:46 of 1st period - Icing by John Klingberg.
16:47 of 1st period - Aleksander Barkov wins face-off versus Trevor Zegras in Dallas Stars zone.
16:48 of 1st period - Shot by Alex Ovechkin.
16:48 of 1st period - Deflect By Zach Hyman.
16:48 of 1st period - Shot Misses the Net.
16:54 of 1st period - Aleksander Barkov is hit by Matthew Tkachuk and loses puck.
17:00 of 1st period - Icing by Jacob Trouba.
17:01 of 1st period - Aleksander Barkov wins face-off versus Michael Rasmussen in Florida Panthers zone.
17:06 of 1st period - Colton Parayko is hit by Alex Ovechkin and loses puck.
17:42 of 1st period - Max Domi is hit by Alex Ovechkin and loses puck.
18:15 of 1st period - Shot by Max Domi.
18:15 of 1st period - Stopped by Darcy Kuemper without a rebound.
18:16 of 1st period - Trevor Zegras wins face-off versus Anton Lundell in Florida Panthers zone.
18:35 of 1st period - Shot by Owen Tippett.
18:35 of 1st period - Shot Misses the Net.
18:37 of 1st period - Shot by Ryan Lindgren.
18:37 of 1st period - Stopped by Ukko-Pekka Luukkonen without a rebound.
18:38 of 1st period - Eric Staal wins face-off versus Nathan Bastian in Dallas Stars zone.
18:56 of 1st period - Icing by Nathan Bastian.
18:57 of 1st period - Juuso Parssinen wins face-off versus Jonathan Huberdeau in Dallas Stars zone.
19:08 of 1st period - Shot by Noah Dobson.
19:08 of 1st period - Shot Blocked by Marc Staal.
19:24 of 1st period - Shot by Brandon Hagel.
19:24 of 1st period - Shot Misses the Net.
19:36 of 1st period - Shot by Kyle Connor.
19:36 of 1st period - Shot Misses the Net.
Goals for this period are 0 for Florida Panthers vs 1 for Dallas Stars.
Shots for this period are 16 for Florida Panthers vs 7 for Dallas Stars.

2nd period


0:01 of 2nd period - Aleksander Barkov wins face-off versus Michael Rasmussen in neutral zone.
0:08 of 2nd period - Shot by Aleksander Barkov.
0:08 of 2nd period - Deflect By Alex Ovechkin.
0:08 of 2nd period - Shot Misses the Net.
0:22 of 2nd period - Shot by Zach Hyman.
0:22 of 2nd period - Stopped by Ukko-Pekka Luukkonen without a rebound.
0:23 of 2nd period - Owen Tippett wins face-off versus Trevor Zegras in Dallas Stars zone.
0:28 of 2nd period - Shot by Owen Tippett.
0:28 of 2nd period - Stopped by Ukko-Pekka Luukkonen without a rebound.
0:29 of 2nd period - Anton Lundell wins face-off versus Trevor Zegras in Dallas Stars zone.
0:52 of 2nd period - Shot by Michael Bunting.
0:52 of 2nd period - Shot Misses the Net.
1:22 of 2nd period - Shot by Zach Hyman.
1:22 of 2nd period - Deflect By Nicholas Paul.
1:22 of 2nd period - Shot Misses the Net.
1:24 of 2nd period - Shot by Zach Hyman.
1:24 of 2nd period - Deflect By Nicholas Paul.
1:24 of 2nd period - Shot Misses the Net.
1:26 of 2nd period - Shot by Eric Staal.
1:26 of 2nd period - Shot Blocked by Colton Parayko.
1:30 of 2nd period - Shot by Zach Hyman.
1:30 of 2nd period - Stopped by Ukko-Pekka Luukkonen without a rebound.
1:31 of 2nd period - Sam Bennett wins face-off versus Michael Rasmussen in Dallas Stars zone.
1:37 of 2nd period - Brandon Hagel is hit by John Klingberg and loses puck.
1:58 of 2nd period - Shot by Jonathan Huberdeau.
1:58 of 2nd period - Shot Misses the Net.
2:13 of 2nd period - Off-side.
2:14 of 2nd period - Aleksander Barkov wins face-off versus Josh Anderson in neutral zone.
2:48 of 2nd period - Shot by Alex Ovechkin.
2:48 of 2nd period - Shot Misses the Net.
3:11 of 2nd period - John Klingberg is hit by Jacob Trouba and loses puck.
3:20 of 2nd period - Shot by Trevor Zegras.
3:20 of 2nd period - Stopped by Darcy Kuemper without a rebound.
3:21 of 2nd period - Sam Bennett wins face-off versus Juuso Parssinen in Florida Panthers zone.
3:43 of 2nd period - Shot by Brandon Hagel.
3:43 of 2nd period - Shot Misses the Net.
3:45 of 2nd period - Shot by Marc Staal.
3:45 of 2nd period - Shot Blocked by Colton Parayko.
3:47 of 2nd period - Shot by Jonathan Huberdeau.
3:47 of 2nd period - Shot Blocked by Colton Parayko.
4:00 of 2nd period - Icing by Colton Parayko.
4:01 of 2nd period - Anton Lundell wins face-off versus Juuso Parssinen in Dallas Stars zone.
4:10 of 2nd period - Shot by Anton Lundell.
4:10 of 2nd period - Stopped by Ukko-Pekka Luukkonen without a rebound.
4:11 of 2nd period - Trevor Zegras wins face-off versus Eric Staal in Dallas Stars zone.
4:25 of 2nd period - Shot by Zach Hyman.
4:25 of 2nd period - Stopped by Ukko-Pekka Luukkonen without a rebound.
4:26 of 2nd period - Anton Lundell wins face-off versus Max Domi in Dallas Stars zone.
4:41 of 2nd period - Shot by Owen Tippett.
4:41 of 2nd period - Deflect By Anton Lundell.
4:41 of 2nd period - Shot Blocked by J.J. Moser.
4:44 of 2nd period - Icing by J.J. Moser.
4:45 of 2nd period - Aleksander Barkov wins face-off versus Max Domi in Dallas Stars zone.
4:45 of 2nd period - Aleksander Barkov is hit by J.J. Moser.
4:55 of 2nd period - Shot by Zach Hyman.
4:55 of 2nd period - Stopped by Ukko-Pekka Luukkonen without a rebound.
4:56 of 2nd period - Trevor Zegras wins face-off versus Eric Staal in Dallas Stars zone.
5:57 of 2nd period - Shot by Anton Lundell.
5:57 of 2nd period - Deflect By Owen Tippett.
5:57 of 2nd period - Shot Blocked by John Klingberg.
7:29 of 2nd period - Shot by Aleksander Barkov.
7:29 of 2nd period - Shot Misses the Net.
8:07 of 2nd period - Shot by Eric Staal.
8:07 of 2nd period - Stopped by Ukko-Pekka Luukkonen without a rebound.
8:08 of 2nd period - Josh Anderson wins face-off versus Zach Hyman in Dallas Stars zone.
8:25 of 2nd period - Shot by Eric Staal.
8:25 of 2nd period - Shot Misses the Net.
8:31 of 2nd period - Shot by Nicholas Paul.
8:31 of 2nd period - Shot Misses the Net.
8:33 of 2nd period - Shot by Eric Staal.
8:33 of 2nd period - Stopped by Ukko-Pekka Luukkonen without a rebound.
8:34 of 2nd period - Sam Bennett wins face-off versus Michael Rasmussen in Dallas Stars zone.
8:45 of 2nd period - Shot by Mattias Janmark.
8:45 of 2nd period - Shot Blocked by Jonathan Huberdeau.
9:02 of 2nd period - Icing by MacKenzie Weegar.
9:03 of 2nd period - Sam Bennett wins face-off versus Max Domi in Florida Panthers zone.
9:18 of 2nd period - John Klingberg is hit by Michael Bunting and loses puck.
9:27 of 2nd period - Icing by Ryan Lindgren.
9:28 of 2nd period - Anton Lundell wins face-off versus Trevor Zegras in Florida Panthers zone.
9:28 of 2nd period - Anton Lundell is hit by Trevor Zegras.
9:41 of 2nd period - Noah Dobson is hit by Marc Staal and loses puck.
9:43 of 2nd period - Minor Penalty to Marc Staal for Hooking.
9:44 of 2nd period - Max Domi wins face-off versus Nicholas Paul in Florida Panthers zone.
10:14 of 2nd period - Shot by Kyle Connor.
10:14 of 2nd period - Shot Blocked by Jamie Oleksiak.
10:28 of 2nd period - Jamie Oleksiak is hit by Matthew Tkachuk and loses puck.
10:47 of 2nd period - Shot by Matthew Tkachuk.
10:47 of 2nd period - Stopped by Darcy Kuemper without a rebound.
10:48 of 2nd period - Trevor Zegras wins face-off versus Nicholas Paul in Florida Panthers zone.
10:53 of 2nd period - Shot by Jason Robertson.
10:53 of 2nd period - Shot Misses the Net.
11:09 of 2nd period - Shot by Matthew Tkachuk.
11:09 of 2nd period - Stopped by Darcy Kuemper without a rebound.
11:10 of 2nd period - Max Domi wins face-off versus Nicholas Paul in Florida Panthers zone.
11:11 of 2nd period - Shot by John Klingberg.
11:11 of 2nd period - Deflect By Kyle Connor.
11:11 of 2nd period - Stopped by Darcy Kuemper with a rebound.
11:31 of 2nd period - Shot by Alex Ovechkin.
11:31 of 2nd period - Deflect By Brandon Hagel.
11:31 of 2nd period - Stopped by Ukko-Pekka Luukkonen with a rebound.
11:39 of 2nd period - Shot by Noah Dobson.
11:39 of 2nd period - Stopped by Darcy Kuemper without a rebound.
11:40 of 2nd period - Nicholas Paul wins face-off versus Trevor Zegras in Florida Panthers zone.
11:52 of 2nd period - Shot by Aleksander Barkov.
11:52 of 2nd period - Shot Blocked by Moritz Seider.
12:15 of 2nd period - Aleksander Barkov is hit by Moritz Seider and loses puck.
12:28 of 2nd period - Shot by Owen Tippett.
12:28 of 2nd period - Deflect By Michael Bunting.
12:28 of 2nd period - Stopped by Ukko-Pekka Luukkonen without a rebound.
12:29 of 2nd period - Trevor Zegras wins face-off versus Sam Bennett in Dallas Stars zone.
12:43 of 2nd period - Shot by Brandon Hagel.
12:43 of 2nd period - Stopped by Ukko-Pekka Luukkonen without a rebound.
12:44 of 2nd period - Max Domi wins face-off versus Anton Lundell in Dallas Stars zone.
12:56 of 2nd period - Shot by Noah Dobson.
12:56 of 2nd period - Stopped by Darcy Kuemper without a rebound.
12:57 of 2nd period - Trevor Zegras wins face-off versus Eric Staal in Florida Panthers zone.
13:22 of 2nd period - Shot by Zach Hyman.
13:22 of 2nd period - Deflect By Eric Staal.
13:22 of 2nd period - Stopped by Ukko-Pekka Luukkonen without a rebound.
13:23 of 2nd period - Sam Bennett wins face-off versus Max Domi in Dallas Stars zone.
13:51 of 2nd period - Off-side.
13:52 of 2nd period - Aleksander Barkov wins face-off versus Michael Rasmussen in neutral zone.
13:55 of 2nd period - Shot by Zach Hyman.
13:55 of 2nd period - Stopped by Ukko-Pekka Luukkonen without a rebound.
13:56 of 2nd period - Aleksander Barkov wins face-off versus Michael Rasmussen in Dallas Stars zone.
13:57 of 2nd period - Shot by Alex Ovechkin.
13:57 of 2nd period - Shot Hit the Post.
14:05 of 2nd period - Shot by Alex Ovechkin.
14:05 of 2nd period - Shot Misses the Net.
14:07 of 2nd period - Shot by Alex Ovechkin.
14:07 of 2nd period - Stopped by Ukko-Pekka Luukkonen without a rebound.
14:08 of 2nd period - Anton Lundell wins face-off versus Matthew Tkachuk in Dallas Stars zone.
14:14 of 2nd period - Icing by Moritz Seider.
14:15 of 2nd period - Aleksander Barkov wins face-off versus Trevor Zegras in Dallas Stars zone.
14:22 of 2nd period - Shot by Zach Hyman.
14:22 of 2nd period - Stopped by Ukko-Pekka Luukkonen without a rebound.
14:23 of 2nd period - Aleksander Barkov wins face-off versus Michael Rasmussen in Dallas Stars zone.
14:30 of 2nd period - Shot by Zach Hyman.
14:30 of 2nd period - Deflect By Aleksander Barkov.
14:30 of 2nd period - Stopped by Ukko-Pekka Luukkonen with a rebound.
14:56 of 2nd period - Shot by Alex Ovechkin.
14:56 of 2nd period - Stopped by Ukko-Pekka Luukkonen without a rebound.
14:57 of 2nd period - Trevor Zegras wins face-off versus Sam Bennett in Dallas Stars zone.
15:14 of 2nd period - Shot by Trevor Zegras.
15:14 of 2nd period - Stopped by Darcy Kuemper without a rebound.
15:15 of 2nd period - Max Domi wins face-off versus Anton Lundell in Florida Panthers zone.
15:15 of 2nd period - Minor Penalty to Marc Staal for Tripping.
15:16 of 2nd period - Nicholas Paul wins face-off versus Max Domi in Florida Panthers zone.
15:46 of 2nd period - Shot by Kyle Connor.
15:46 of 2nd period - Stopped by Darcy Kuemper without a rebound.
15:47 of 2nd period - Nicholas Paul wins face-off versus Trevor Zegras in Florida Panthers zone.
15:47 of 2nd period - Nicholas Paul is hit by Trevor Zegras.
16:09 of 2nd period - Shot by Nicholas Paul.
16:09 of 2nd period - Shot Misses the Net.
16:19 of 2nd period - Shot by Jason Robertson.
16:19 of 2nd period - Stopped by Darcy Kuemper without a rebound.
16:20 of 2nd period - Max Domi wins face-off versus Alex Ovechkin in Florida Panthers zone.
16:52 of 2nd period - Nicholas Paul is hit by Josh Anderson and loses puck.
17:03 of 2nd period - Shot by Trevor Zegras.
17:03 of 2nd period - Stopped by Darcy Kuemper without a rebound.
17:04 of 2nd period - Trevor Zegras wins face-off versus Alex Ovechkin in Florida Panthers zone.
18:05 of 2nd period - Icing by Jamie Oleksiak.
18:06 of 2nd period - Sam Bennett wins face-off versus Trevor Zegras in Florida Panthers zone.
18:23 of 2nd period - Shot by Jonathan Huberdeau.
18:23 of 2nd period - Stopped by Ukko-Pekka Luukkonen with a rebound.
19:01 of 2nd period - Shot by Kyle Connor.
19:01 of 2nd period - Shot Misses the Net.
19:18 of 2nd period - Shot by Josh Anderson.
19:18 of 2nd period - Stopped by Darcy Kuemper without a rebound.
19:19 of 2nd period - Aleksander Barkov wins face-off versus Evgenii Dadonov in Florida Panthers zone.
19:24 of 2nd period - Shot by Zach Hyman.
19:24 of 2nd period - Shot Misses the Net.
19:26 of 2nd period - Shot by Ryan Lindgren.
19:26 of 2nd period - Shot Blocked by Miro Heiskanen.
19:28 of 2nd period - Shot by Marc Staal.
19:28 of 2nd period - Shot Misses the Net.
19:30 of 2nd period - Shot by Marc Staal.
19:30 of 2nd period - Stopped by Ukko-Pekka Luukkonen without a rebound.
19:31 of 2nd period - Anton Lundell wins face-off versus Trevor Zegras in Dallas Stars zone.
19:40 of 2nd period - Shot by Owen Tippett.
19:40 of 2nd period - Stopped by Ukko-Pekka Luukkonen without a rebound.
19:41 of 2nd period - Aleksander Barkov wins face-off versus Max Domi in Dallas Stars zone.
19:42 of 2nd period - Shot by Alex Ovechkin.
19:42 of 2nd period - Shot Blocked by Max Domi.
Goals for this period are 0 for Florida Panthers vs 0 for Dallas Stars.
Shots for this period are 20 for Florida Panthers vs 11 for Dallas Stars.

3rd period


0:01 of 3rd period - Michael Rasmussen wins face-off versus Zach Hyman in neutral zone.
0:07 of 3rd period - Shot by Mattias Janmark.
0:07 of 3rd period - Stopped by Darcy Kuemper without a rebound.
0:08 of 3rd period - Max Domi wins face-off versus Aleksander Barkov in Florida Panthers zone.
0:08 of 3rd period - Max Domi is hit by MacKenzie Weegar.
0:10 of 3rd period - Shot by Kyle Connor.
0:10 of 3rd period - Shot Misses the Net.
0:12 of 3rd period - Shot by Kyle Connor.
0:12 of 3rd period - Shot Misses the Net.
0:14 of 3rd period - Shot by Max Domi.
0:14 of 3rd period - Shot Blocked by MacKenzie Weegar.
0:22 of 3rd period - Shot by Kyle Connor.
0:22 of 3rd period - Stopped by Darcy Kuemper without a rebound.
0:23 of 3rd period - Michael Rasmussen wins face-off versus Anton Lundell in Florida Panthers zone.
0:43 of 3rd period - Anton Lundell is hit by John Klingberg and loses puck.
0:52 of 3rd period - Shot by Anton Lundell.
0:52 of 3rd period - Deflect By Owen Tippett.
0:52 of 3rd period - Stopped by Ukko-Pekka Luukkonen without a rebound.
0:53 of 3rd period - Trevor Zegras wins face-off versus Eric Staal in Dallas Stars zone.
0:53 of 3rd period - Trevor Zegras is hit by Zach Hyman.
1:13 of 3rd period - Shot by Eric Staal.
1:13 of 3rd period - Stopped by Ukko-Pekka Luukkonen without a rebound.
1:14 of 3rd period - Max Domi wins face-off versus Jonathan Huberdeau in Dallas Stars zone.
1:36 of 3rd period - Shot by Kyle Connor.
1:36 of 3rd period - Stopped by Darcy Kuemper without a rebound.
1:37 of 3rd period - Aleksander Barkov wins face-off versus Evgenii Dadonov in Florida Panthers zone.
2:11 of 3rd period - Shot by Alex Ovechkin.
2:11 of 3rd period - Stopped by Ukko-Pekka Luukkonen without a rebound.
2:12 of 3rd period - Trevor Zegras wins face-off versus Anton Lundell in Dallas Stars zone.
2:34 of 3rd period - Jason Robertson is hit by Michael Bunting and loses puck.
2:41 of 3rd period - Michael Bunting is hit by Trevor Zegras and loses puck.
2:42 of 3rd period - Minor Penalty to Jason Robertson for Roughing.
2:43 of 3rd period - Aleksander Barkov wins face-off versus Mattias Janmark in Dallas Stars zone.
2:50 of 3rd period - Shot by Brandon Montour.
2:50 of 3rd period - Stopped by Ukko-Pekka Luukkonen without a rebound.
2:51 of 3rd period - Aleksander Barkov wins face-off versus Josh Anderson in Dallas Stars zone.
2:51 of 3rd period - Aleksander Barkov is hit by Moritz Seider.
3:58 of 3rd period - Shot by Brandon Hagel.
3:58 of 3rd period - Deflect By Sam Bennett.
3:58 of 3rd period - Shot Misses the Net.
4:00 of 3rd period - Shot by Brandon Montour.
4:00 of 3rd period - Shot Misses the Net.
4:02 of 3rd period - Shot by Brandon Montour.
4:02 of 3rd period - Stopped by Ukko-Pekka Luukkonen with a rebound.
4:18 of 3rd period - Shot by Aleksander Barkov.
4:18 of 3rd period - Shot Misses the Net.
4:34 of 3rd period - Shot by Zach Hyman.
4:34 of 3rd period - Shot Blocked by Colton Parayko.
4:36 of 3rd period - Shot by MacKenzie Weegar.
4:36 of 3rd period - Shot Misses the Net.
4:59 of 3rd period - Shot by Ryan Suter.
4:59 of 3rd period - Shot Misses the Net.
5:03 of 3rd period - Shot by Juuso Parssinen.
5:03 of 3rd period - Deflect By Nathan Bastian.
5:03 of 3rd period - Shot Misses the Net.
5:05 of 3rd period - Shot by John Klingberg.
5:05 of 3rd period - Stopped by Darcy Kuemper without a rebound.
5:06 of 3rd period - Anton Lundell wins face-off versus Trevor Zegras in Florida Panthers zone.
5:13 of 3rd period - Shot by Owen Tippett.
5:13 of 3rd period - Stopped by Ukko-Pekka Luukkonen without a rebound.
5:14 of 3rd period - Sam Bennett wins face-off versus Josh Anderson in Dallas Stars zone.
5:14 of 3rd period - Sam Bennett is hit by Moritz Seider.
5:23 of 3rd period - Brandon Hagel is hit by Moritz Seider and loses puck.
5:36 of 3rd period - Brandon Hagel is hit by Josh Anderson.
6:05 of 3rd period - Shot by Evgenii Dadonov.
6:05 of 3rd period - Shot Misses the Net.
6:07 of 3rd period - Shot by Juuso Parssinen.
6:07 of 3rd period - Stopped by Darcy Kuemper without a rebound.
6:08 of 3rd period - Aleksander Barkov wins face-off versus Trevor Zegras in Florida Panthers zone.
6:08 of 3rd period - Aleksander Barkov is hit by Trevor Zegras.
6:43 of 3rd period - Shot by Aleksander Barkov.
6:43 of 3rd period - Shot Misses the Net.
7:31 of 3rd period - Shot by Owen Tippett.
7:31 of 3rd period - Shot Misses the Net.
7:38 of 3rd period - Icing by John Klingberg.
7:39 of 3rd period - Eric Staal wins face-off versus Michael Rasmussen in Dallas Stars zone.
8:06 of 3rd period - Shot by Nicholas Paul.
8:06 of 3rd period - Stopped by Ukko-Pekka Luukkonen without a rebound.
8:07 of 3rd period - Sam Bennett wins face-off versus Trevor Zegras in Dallas Stars zone.
8:14 of 3rd period - Shot by Brandon Hagel.
8:14 of 3rd period - Shot Blocked by Moritz Seider.
8:19 of 3rd period - Minor Penalty to Moritz Seider for Slashing.
8:20 of 3rd period - Trevor Zegras wins face-off versus Sam Bennett in Dallas Stars zone.
8:20 of 3rd period - Trevor Zegras is hit by Sam Bennett.
9:28 of 3rd period - Icing by Aleksander Barkov.
9:29 of 3rd period - Mattias Janmark wins face-off versus Aleksander Barkov in Florida Panthers zone.
9:29 of 3rd period - Mattias Janmark is hit by Jacob Trouba.
9:36 of 3rd period - Icing by Jacob Trouba.
9:37 of 3rd period - Aleksander Barkov wins face-off versus Josh Anderson in Florida Panthers zone.
10:01 of 3rd period - Shot by Brandon Hagel.
10:01 of 3rd period - Shot Blocked by Miro Heiskanen.
10:25 of 3rd period - Shot by Eric Staal.
10:25 of 3rd period - Stopped by Ukko-Pekka Luukkonen without a rebound.
10:26 of 3rd period - Eric Staal wins face-off versus Nathan Bastian in Dallas Stars zone.
10:43 of 3rd period - Shot by Zach Hyman.
10:43 of 3rd period - Shot Misses the Net.
10:54 of 3rd period - Eric Staal is hit by Ryan Suter and loses puck.
11:04 of 3rd period - John Klingberg is hit by Michael Bunting and loses puck.
11:10 of 3rd period - Minor Penalty to Michael Bunting for Unsportsmanlike conduct.
11:11 of 3rd period - Trevor Zegras wins face-off versus Alex Ovechkin in Florida Panthers zone.
11:20 of 3rd period - Shot by Trevor Zegras.
11:20 of 3rd period - Stopped by Darcy Kuemper without a rebound.
11:21 of 3rd period - Max Domi wins face-off versus Nicholas Paul in Florida Panthers zone.
11:36 of 3rd period - Shot by Miro Heiskanen.
11:36 of 3rd period - Stopped by Darcy Kuemper without a rebound.
11:37 of 3rd period - Nicholas Paul wins face-off versus Trevor Zegras in Florida Panthers zone.
11:46 of 3rd period - Shot by Jason Robertson.
11:46 of 3rd period - Stopped by Darcy Kuemper without a rebound.
11:47 of 3rd period - Max Domi wins face-off versus Alex Ovechkin in Florida Panthers zone.
11:50 of 3rd period - Shot by Max Domi.
11:50 of 3rd period - Deflect By Josh Anderson.
11:50 of 3rd period - Shot Misses the Net.
12:20 of 3rd period - Shot by Miro Heiskanen.
12:20 of 3rd period - Shot Misses the Net.
12:22 of 3rd period - Shot by Miro Heiskanen.
12:22 of 3rd period - Shot Blocked by Ryan Lindgren.
12:24 of 3rd period - Shot by J.J. Moser.
12:24 of 3rd period - Stopped by Darcy Kuemper without a rebound.
12:25 of 3rd period - Trevor Zegras wins face-off versus Alex Ovechkin in Florida Panthers zone.
12:40 of 3rd period - Shot by Matthew Tkachuk.
12:40 of 3rd period - Deflect By Jason Robertson.
12:40 of 3rd period - Stopped by Darcy Kuemper with a rebound.
12:42 of 3rd period - Shot by Trevor Zegras.
12:42 of 3rd period - Goal by Trevor Zegras - Florida Panthers : 0 - Dallas Stars : 2.
12:43 of 3rd period - Michael Rasmussen wins face-off versus Michael Bunting in neutral zone.
13:10 of 3rd period - Shot by Miro Heiskanen.
13:10 of 3rd period - Shot Misses the Net.
14:35 of 3rd period - Shot by Ryan Lindgren.
14:35 of 3rd period - Shot Blocked by Noah Dobson.
14:37 of 3rd period - Shot by Marc Staal.
14:37 of 3rd period - Shot Misses the Net.
14:39 of 3rd period - Shot by Brandon Hagel.
14:39 of 3rd period - Deflect By Sam Bennett.
14:39 of 3rd period - Stopped by Ukko-Pekka Luukkonen without a rebound.
14:40 of 3rd period - Eric Staal wins face-off versus Kyle Connor in Dallas Stars zone.
14:41 of 3rd period - Shot by Nicholas Paul.
14:41 of 3rd period - Stopped by Ukko-Pekka Luukkonen with a rebound.
15:47 of 3rd period - Shot by John Klingberg.
15:47 of 3rd period - Stopped by Darcy Kuemper without a rebound.
15:48 of 3rd period - Anton Lundell wins face-off versus Juuso Parssinen in Florida Panthers zone.
16:26 of 3rd period - Icing by Anton Lundell.
16:27 of 3rd period - Trevor Zegras wins face-off versus Michael Bunting in Florida Panthers zone.
16:31 of 3rd period - Minor Penalty to Matthew Tkachuk for Roughing.
16:32 of 3rd period - Sam Bennett wins face-off versus Mattias Janmark in Dallas Stars zone.
16:33 of 3rd period - Shot by Brandon Montour.
16:33 of 3rd period - Stopped by Ukko-Pekka Luukkonen without a rebound.
16:34 of 3rd period - Sam Bennett wins face-off versus Mattias Janmark in Dallas Stars zone.
16:47 of 3rd period - Shot by Brandon Hagel.
16:47 of 3rd period - Stopped by Ukko-Pekka Luukkonen without a rebound.
16:48 of 3rd period - Mattias Janmark wins face-off versus Aleksander Barkov in Dallas Stars zone.
17:03 of 3rd period - Shot by Alex Ovechkin.
17:03 of 3rd period - Shot Blocked by Colton Parayko.
17:05 of 3rd period - Shot by Zach Hyman.
17:05 of 3rd period - Stopped by Ukko-Pekka Luukkonen without a rebound.
17:06 of 3rd period - Sam Bennett wins face-off versus Mattias Janmark in Dallas Stars zone.
17:07 of 3rd period - Shot by Jonathan Huberdeau.
17:07 of 3rd period - Deflect By Sam Bennett.
17:07 of 3rd period - Shot Blocked by Miro Heiskanen.
17:09 of 3rd period - Shot by Brandon Hagel.
17:09 of 3rd period - Stopped by Ukko-Pekka Luukkonen without a rebound.
17:10 of 3rd period - Sam Bennett wins face-off versus Mattias Janmark in Dallas Stars zone.
17:15 of 3rd period - Shot by Brandon Hagel.
17:15 of 3rd period - Stopped by Ukko-Pekka Luukkonen without a rebound.
17:16 of 3rd period - Aleksander Barkov wins face-off versus Mattias Janmark in Dallas Stars zone.
17:17 of 3rd period - Shot by Alex Ovechkin.
17:17 of 3rd period - Shot Blocked by Colton Parayko.
17:27 of 3rd period - Shot by Alex Ovechkin.
17:27 of 3rd period - Shot Misses the Net.
17:29 of 3rd period - Shot by Zach Hyman.
17:29 of 3rd period - Shot Misses the Net.
17:31 of 3rd period - Shot by Brandon Montour.
17:31 of 3rd period - Shot Misses the Net.
18:13 of 3rd period - Shot by Sam Bennett.
18:13 of 3rd period - Shot Misses the Net.
18:15 of 3rd period - Shot by Jonathan Huberdeau.
18:15 of 3rd period - Shot Misses the Net.
18:17 of 3rd period - Shot by Jacob Trouba.
18:17 of 3rd period - Stopped by Ukko-Pekka Luukkonen without a rebound.
18:18 of 3rd period - Michael Rasmussen wins face-off versus Sam Bennett in Dallas Stars zone.
18:31 of 3rd period - Jason Robertson is hit by Eric Staal and loses puck.
19:38 of 3rd period - Jason Robertson is hit by MacKenzie Weegar and loses puck.
Goals for this period are 0 for Florida Panthers vs 1 for Dallas Stars.
Shots for this period are 16 for Florida Panthers vs 12 for Dallas Stars.